 Dungeon Crawl Stone Soup version 0.31-a0-521-gc7390f8997 (webtiles) character file.

Game seed: 7119726967828582261

1117 Irreverend the Changeling (level 8, -5/72 (75) HPs)
             Began as a Troll Shapeshifter on Aug 10, 2023.
             Slain by Jeremiah
             ... wielding a +3 glaive of draining
              (6 damage)
             ... on level 6 of the Dungeon.
             The game lasted 00:08:52 (4057 turns).

Irreverend the Changeling (Troll Shapeshifter)      Turns: 4057, Time: 00:08:53

HP:   -5/72 (75)    AC:  4    Str: 26    XL:     8   Next: 12%
MP:   7/7           EV: 10    Int: 10    God:
Gold: 281           SH:  0    Dex: 10    Spells: 7/7 levels left

rFire   . .          .
                       - Unarmed
rCold   + . .        (no shield)
rNeg    . . .        a - +0 animal skin
rPois   .            (helmet currently unavailable)
rElec   .            (cloak currently unavailable)
rCorr   .            (gloves unavailable)
SInv    .            (boots unavailable)
Will    .....        u - amulet of regeneration
Stlth   +            m - ring of protection from cold
HPRegen 1.92/turn    e - +6 ring of intelligence
MPRegen 0.10/turn

%: no passive effects
@: beast-form, lightly drained
A: beast (slay +3), large, unfitting armour, claws 3, regeneration 1, shaggy fur
1, tough skin 1
a: Begin Untransformation


You were on level 6 of the Dungeon.
You were a hulking beast.
You visited 1 branch of the dungeon, and saw 6 of its levels.
You also visited: Sewer.

You collected 281 gold pieces.

Inventory:

Missiles
 x - a throwing net
Armour
 a - a +0 animal skin (worn)
Jewellery
 e - a +6 ring of intelligence (right claw)
 m - a ring of protection from cold (left claw)
 u - an amulet of regeneration (around neck)
Talismans
 c - a beast talisman (active)
 d - a flux talisman
Wands
 b - a wand of polymorph (5)
 q - a wand of roots (1)
 w - a wand of flame (8)
Scrolls
 g - 2 scrolls of fear {unknown}
 h - 2 scrolls of enchant weapon {unknown}
 k - a scroll of fog {unknown}
 n - a scroll of amnesia {unknown}
 o - 4 scrolls of teleportation {unknown}
 r - 2 scrolls of enchant armour {unknown}
 s - a scroll of vulnerability {unknown}
 t - a scroll of butterflies {unknown}
Potions
 f - a potion of magic
 i - a potion of resistance
 j - 2 potions of brilliance
 l - a potion of curing
 p - a potion of haste {unknown}
 v - a potion of cancellation {unknown}


   Skills:
 + Level 3.5 Fighting
 + Level 3.8 Dodging
 + Level 5.2 Unarmed Combat
 * Level 5.9 Shapeshifting


You had 7 spell levels left.
You didn't know any spells.
Your spell library contained the following spells:

 Spells                   Type           Power      Damage    Failure   Level
 Call Canine Familiar     Summ           0%         N/A       75%         3
 Ozocubu's Armour         Ice            0%         N/A       75%         3
 Portal Projectile        Hex/Tloc       0%         N/A       75%         3
 Leda's Liquefaction      Hex/Erth       0%         N/A       98%         4
 Summon Forest            Summ/Tloc      0%         N/A       100%        5
 Summon Mana Viper        Hex/Summ       0%         N/A       100%        5
 Simulacrum               Ice/Necr       0%         N/A       100%        6
 Summon Cactus Giant      Summ           0%         N/A       100%        6
 Ozocubu's Refrigeration  Ice            0%         4d7       100%        7
 Polar Vortex             Ice            0%         N/A       100%        9


Dungeon Overview and Level Annotations

Branches:
Dungeon (6/15)              Sewer (visited)
 Temple: D:4-7

Altars:
Qazlal

Annotations:
D:6 Jeremiah


Innate Abilities, Weirdness & Mutations

You are a hulking beast.
Your limbs bulge with bestial killing power. (Slay +3)
You are too large for most types of armour.
You have claws for hands.
Your natural rate of healing is unusually fast.
You are covered in fur. (AC +1)
You have tough skin. (AC +1)


Message History

The steam dragon moves out of view.
You claw the centaur!
The centaur is heavily wounded.
The butterfly disappears in a burst of colours!
Jeremiah zaps a wand.
The bolt of light hits the butterfly!
The butterfly dies!
The butterfly disappears in a burst of colours!
The bolt of light hits you! The centaur barely misses you. x2
You barely miss the centaur.
The centaur is heavily wounded.
The centaur hits you. The centaur barely misses you.
You mangle the centaur!!
You kill the centaur!
The steam dragon breathes steam at you. The ball of steam hits you!!
* * * LOW HITPOINT WARNING * * *
You hear an angry hiss.
It was a potion of curing.
You feel better.
You claw the steam dragon!
The steam dragon is moderately wounded.
The butterfly is engulfed in a cloud of scalding steam.
The butterfly dies!
The butterfly disappears in a burst of colours!
Jeremiah hops!
Aiming: Polymorph
Press: ? - help, Shift-Dir - straight line, f - Jeremiah
Aim: Jeremiah, wielding a +3 glaive of draining, wearing a +2 robe of resistance and carrying a wand of light (will become a blink frog, a cyclops, or a wind drake, chance to affect: 31%) Jeremiah easily resists.
The butterfly is engulfed in a cloud of scalding steam.
The butterfly dies!
The butterfly disappears in a burst of colours!
The steam dragon barely misses you.
The steam dragon claws you but does no damage.
The butterfly is engulfed in a cloud of scalding steam.
The butterfly dies!
The butterfly disappears in a burst of colours!
Jeremiah hits you from afar with a +3 glaive of draining!!
* * * LOW HITPOINT WARNING * * *
You feel drained.
You die...

###.###.### #.# #.
#.....÷...########.#
##
#.#.###.#........#.#
#.###.#.#
#.########.#.#
#.......# #.# #.#)#
#####.### #b# #.#.#
#.# #F# #.#### ##
#<#
#b########b##8###8
#.#
#h##.....F)†.b....
#.#
#D##.#bb..b##8###8
..# #.##.#..##.####
## ###
#§°b.b...#)##.#
.§.bF.b.b.Fb..#
#####.#...?g##.#
#b##.)#.# # ...b...
###..#.##


You could see Jeremiah and a steam dragon.

Vanquished Creatures
  Duvessa (D:5)
  An ice beast (D:6)
  Pargi (Sewer)
  2 centaurs (D:6)
  3 scorpions
  Dowan (D:5)
  A hound (D:4)
  A gnoll bouda (D:6)
  2 orc priests
  An iguana (D:5)
  12 gnolls
  9 adders
  An ufetubus (D:5)
  2 worms
  13 orcs
  11 ball pythons
  6 endoplasms
  3 giant cockroaches
  7 goblins
  8 hobgoblins
  2 jackals (D:4)
  10 kobolds
  4 quokkas
  8 bats
  6 frilled lizards
  8 rats
124 creatures vanquished.

Notes
Turn   | Place    | Note
-------+----------+-------------------------------------------
     0 | D:1      | Irreverend the Troll Shapeshifter began the quest for the
                  | Orb.
     0 | D:1      | Reached XP level 1. HP: 18/18 MP: 0/0
    86 | D:1      | Reached skill level 1 in Fighting
    88 | D:1      | Reached XP level 2. HP: 27/27 MP: 1/1
   473 | D:1      | Reached XP level 3. HP: 33/33 MP: 2/2
  1041 | D:2      | Found a stormy altar of Qazlal.
  1051 | D:2      | Reached XP level 4. HP: 39/41 MP: 3/3
  1294 | D:3      | Noticed a scorpion
  1313 | D:3      | Killed a scorpion
  1314 | D:3      | Reached XP level 5. HP: 38/49 MP: 4/4
  1391 | D:3      | Found a glowing drain.
  1403 | Sewer    | Entered a sewer
  1489 | Sewer    | Noticed Pargi
  1505 | Sewer    | Killed Pargi
  1506 | Sewer    | Reached XP level 6. HP: 29/57 MP: 5/5
  2879 | D:5      | Entered Level 5 of the Dungeon
  2954 | D:5      | Reached XP level 7. HP: 55/66 MP: 6/6
  3009 | D:5      | Noticed Dowan
  3009 | D:5      | Noticed Duvessa
  3037 | D:5      | Killed Dowan
  3038 | D:5      | Reached skill level 5 in Shapeshifting
  3204 | D:5      | Killed Duvessa
  3877 | D:6      | Reached skill level 5 in Unarmed Combat
  3879 | D:6      | Noticed Jeremiah
  3891 | D:6      | Reached XP level 8. HP: 46/75 MP: 7/7
  4052 | D:6      | HP: 3/75 [steam dragon/ball of steam (27)]
  4057 | D:6      | HP: 1/75 [Jeremiah/+3 glaive of draining (18)]
  4057 | D:6      | Slain by Jeremiah

Illustrated notes

Levels and vault maps discovered:
D:1:      minmay_arrival_plants_in_alcoves, layout_basic, serial_bayou_lagoon_a,
          serial_park_tiny_2, minmay_domino_4
D:2:      layout_loops_ring, basic_altar, hangedman_abyss_or_decor_stabs,
          st_stairs_12
D:3:      layout_basic, portal_sewer_entry_a, interstate_on_off,
          serial_bayou_pond_b
D:4:      layout_loops_ring, hangedman_decor_riveting
D:5:      layout_loops_ring, uniq_duvessa
D:6:      layout_loops_ring, grunt_ministairs_1, dk_noncrumbling_2,
          uniq_jeremiah

Skill      XL: |  1  2  3  4  5  6  7 |
---------------+----------------------+-----
Fighting       | 1 2 3 |  3.5
Dodging        | 2 3 |  3.8
Shapeshifting  | 4 5 |  5.9
Unarmed Combat | 4 5 |  5.2

Action                     |  1- 3 |  4- 6 |  7- 9 || total
---------------------------+-------+-------+-------++-------
  Melee: Unarmed           |    75 |   151 |    72 ||   298
         Punch             |     2 |     1 |     2 ||     5
  Evoke: Wand              |       |       |     1 ||     1
    Use: Potion            |       |     1 |     1 ||     2
         Scroll            |       |       |     3 ||     3
   Stab: Sleeping          |     1 |       |       ||     1
 Armour: Animal skin       |    24 |    47 |    18 ||    89
         Skin              |       |    10 |       ||    10
  Dodge: Dodged            |    34 |    67 |    48 ||   149

Table legend: (Time is in decaauts)
 A = Elapsed time spent in this place.
 B = Non-inter-level travel time spent in this place.
 C = Inter-level travel time spent in this place.
 D = Time resting spent in this place.
 E = Time spent auto-exploring this place.
 F = Levels seen in this place.
 G = Mean time per level.
                   A        B        C        D        E       F      G
               +--------+--------+--------+--------+--------+-----+--------+
         Total |   4031 |   3926 |    105 |    377 |   2729 |   7 |  575.9 |
       Dungeon |   3736 |   3631 |    105 |    238 |   2629 |   6 |  622.7 |
         Sewer |    295 |    295 |      0 |    139 |    100 |   1 |  295.0 |
               +--------+--------+--------+--------+--------+-----+--------+

Top non-repeatable levels by time:
     D:5: 810 daAuts
     D:3: 726 daAuts
     D:1: 680 daAuts
     D:2: 593 daAuts
     D:4: 566 daAuts
     D:6: 359 daAuts
   Sewer: 295 daAuts
